 Dungeon Crawl Stone Soup version 0.19-a0-1792-g28b16ba (webtiles) character file.

5981 Duskembrace the Nimble (level 10, -3/47 HPs)
             Began as a Tengu Assassin on Oct 4, 2016.
             Was a Believer of Uskayaw.
             Slain by an orc warrior
             ... wielding a +0 trident
              (13 damage)
             ... on level 10 of the Dungeon.
             The game lasted 00:22:51 (8142 turns).

Duskembrace the Nimble (Tengu Assassin)             Turns: 8142, Time: 00:22:51

Health: -3/47      AC:  8    Str: 10 (11) XL:     10   Next: 85%
Magic:  12/12      EV: 24    Int:  7      God:    Uskayaw [**....]
Gold:   376        SH:  0    Dex: 20      Spells: 0 memorised, 9 levels left

rFire  + . .     SeeInvis .     i - +2 short sword (elec)
rCold  . . .     Gourm    .     H - +2 robe {rF+}
rNeg   . . .     Faith    .     (no shield)
rPois  .         Spirit   .     I - +2 hat
rElec  .         Dismiss  .     d - +0 cloak
rCorr  .         Reflect  .     m - +0 pair of gloves (curse)
MR     +....     Harm     .     (boots unavailable)
Stlth  ++++......               (no amulet)
                                (no ring)
                                (no ring)

@: no status effects
A: beak, talons 3, deterioration 1, dopey 2, frail 1, low mp 1, magic resistance
1, able to fly 1
a: Fly, Stomp, Line Pass, Renounce Religion


You were on level 10 of the Dungeon.
You worshipped Uskayaw.
Uskayaw was noncommittal.
You were not hungry.

You visited 2 branches of the dungeon, and saw 11 of its levels.

You collected 376 gold pieces.

Inventory:

Hand Weapons
 a - a +2 dagger
 b - a +0 blowgun
 i - a +2 short sword of electrocution (weapon)
 n - a +2 dagger of venom
 D - the +7 great mace "Firestarter" {inner flame, rF++}
   (You found it on level 6 of the Dungeon)

   It has been specially enchanted to burn those struck by it, causing extra
   injury to most foes and up to half again as much damage against particularly
   susceptible opponents.
   It greatly protects you from fire.
 J - a +1 dagger of flaming
Missiles
 e - 39 poisoned needles
 f - 2 curare-tipped needles
 C - 5 javelins (quivered)
 G - 5 tomahawks
Armour
 c - a +0 robe
 d - a +0 cloak (worn)
 m - a cursed +0 pair of gloves (worn)
 H - a +2 robe of fire resistance (worn)
 I - a +2 hat (worn)
Wands
 v - a wand of digging (14/24)
 K - a wand of digging (5/24)
 L - a wand of slowing (23/48)
Scrolls
 h - a scroll of magic mapping {unknown}
 o - 2 scrolls of enchant weapon {unknown}
 p - 6 scrolls of immolation {unknown}
 s - 2 scrolls of noise {unknown}
 t - 6 scrolls of remove curse
 u - 5 scrolls of teleportation {unknown}
 y - a scroll of blinking {unknown}
 A - 2 scrolls of fear {unknown}
 E - a scroll of acquirement {unknown}
 M - 2 scrolls of identify
Potions
 j - 3 potions of flight
 k - 2 potions of heal wounds
 l - a potion of haste
 q - a potion of lignification
 w - a potion of berserk rage
 x - 2 potions of might
 z - a potion of mutation {unknown}
 B - 2 potions of brilliance
Comestibles
 g - 6 bread rations
 r - a beef jerky
 F - a meat ration


   Skills:
 - Level 2.0 Fighting
 + Level 7.4 Short Blades
 - Level 2.0 Throwing
 + Level 14.2 Dodging
 + Level 8.8 Stealth
 + Level 3.9 Invocations


You had 9 spell levels left.
You didn't know any spells.

Dungeon Overview and Level Annotations

Branches:
Dungeon (10/15)            Temple (1/1) D:5             Orc (0/2) D:10
   Lair: D:8-11

Altars:
Cheibriados
Dithmenos
Elyvilon
Fedhas
Gozag
Hepliaklqana
Makhleb
Nemelex Xobeh
Okawaru
Qazlal
Ru
Sif Muna
Uskayaw
Vehumet
Xom
Yredelemnul
Zin

Shops:
D:5 ?   D:7 }*   D:9 }:


Innate Abilities, Weirdness & Mutations

You have a beak for a mouth.
You have claws for feet.
You can fly.
Your body sometimes deteriorates upon taking damage.
You are very dopey. (Int -4)
You are frail. (-10% HP)
Your magical capacity is low. (-10% MP)
You are resistant to hostile enchantments. (MR+)


Message History

You hit the orc warrior but do no damage.
You claw the orc warrior, but do no damage.
The orc warrior is severely wounded.
The orc warrior misses you. The orc barely misses you.
The orc warrior hits you with a glaive!!
Ouch! That really hurt!
* * * LOW HITPOINT WARNING * * *
Your body deteriorates!
You feel weakened.
You hit the orc warrior but do no damage.
You claw the orc warrior, but do no damage.
The orc warrior is severely wounded.
The orc warrior completely misses you. The orc barely misses you.
You hit the orc warrior.
You claw the orc warrior, but do no damage.
The orc warrior is severely wounded.
The orc warrior barely misses you.
You closely miss the orc warrior.
The orc warrior is severely wounded.
The orc warrior hits you from afar with a trident!
You die...

..#.....8..... #
.#........... #####
###............
..............8....>....8
.........................
.............#.....[.....
.............#....o8.....
.............####o....###
................@o.......
.............).).........
.........................
..............<..........
###'##########(..........
#..).........#...........
#............#...........
###..........'......##+##
#....#######......#


You could see 2 orc warriors and an orc.

Vanquished Creatures
  A hill giant (D:10)
  Pikel (D:4)
  The ghost of Gruesome the Spear-Bearer, a novice NaFE (D:4)
  A hornet (D:9)
  A hippogriff (D:6)
  3 hungry ghosts
  A wyvern (D:9)
  Menkaure (D:7)
  Duvessa (D:6)
  A slave (D:4)
  An ice beast (D:9)
  2 sky beasts (D:9)
  3 phantoms
  6 ogres
  4 centaurs
  A big kobold (D:9)
  Blork the orc (D:6)
  4 bullfrogs
  A wyvern zombie (D:7)
  A wyvern skeleton (D:6)
  Dowan (D:6)
  4 scorpions
  5 wights (D:9)
  3 crimson imps
  2 centaur skeletons
  A centaur zombie (D:6)
  2 jellies
  2 orc priests
  4 hounds
  A bullfrog skeleton (D:7)
  4 orc wizards
  An iguana (D:9)
  4 worker ants
  2 hound zombies
  2 hound skeletons
  5 gnolls
  8 adders
  A shadow imp (D:6)
  An ooze (D:2)
  An adder skeleton (D:4)
  A worm (D:4)
  3 dart slugs
  6 leopard geckos
  21 orcs
  5 giant cockroaches
  6 goblins
  3 hobgoblins
  14 jackals
  5 quokkas
  5 ball pythons
  5 bats
  2 frilled lizards
  8 kobolds
  8 rats
182 creatures vanquished.

Vanquished Creatures (others)
  A bullfrog zombie (D:5)
  A worker ant (D:5)
  A leopard gecko (D:5)
3 creatures vanquished.

Grand Total: 185 creatures vanquished

Notes
Turn   | Place    | Note
-------+----------+-------------------------------------------
     0 | D:1      | Duskembrace the Tengu Assassin began the quest for the Orb.
     0 | D:1      | Reached XP level 1. HP: 12/12 MP: 2/2
    47 | D:1      | Reached XP level 2. HP: 15/17 MP: 3/3
   357 | D:1      | Reached skill level 2 in Dodging
   434 | D:1      | Reached XP level 3. HP: 21/21 MP: 4/4
   848 | D:2      | Reached XP level 4. HP: 7/26 MP: 5/5
  1449 | D:3      | Found a sparkling altar of Nemelex Xobeh.
  1764 | D:3      | Reached skill level 3 in Dodging
  2228 | D:3      | Found a basalt altar of Yredelemnul.
  2228 | D:3      | Found a blossoming altar of Fedhas.
  2314 | D:4      | Reached skill level 5 in Stealth
  2314 | D:4      | Gained mutation: You can fly. [Tengu growth]
  2314 | D:4      | Reached XP level 5. HP: 18/30 MP: 6/6
  2720 | D:4      | Noticed Gruesome's ghost (novice NaFE)
  2754 | D:4      | HP: 1/30 [Gruesome's ghost/flame tongue (22)]
  3172 | D:4      | Reached skill level 13 in Dodging
  3172 | D:4      | Reached XP level 6. HP: 30/35 MP: 4/7
  3198 | D:4      | Killed Gruesome's ghost
  3198 | D:4      | Reached XP level 7. HP: 22/40 MP: 6/8
  3398 | D:4      | Reached XP level 8. HP: 38/44 MP: 9/9
  3742 | D:4      | Found an iron altar of Okawaru.
  3939 | D:4      | Reached skill level 5 in Short Blades
  4376 | D:5      | Entered Level 5 of the Dungeon
  4389 | D:5      | Noticed Pikel
  4587 | D:4      | Killed Pikel
  4676 | D:5      | Reached XP level 9. HP: 43/48 MP: 10/10
  4780 | D:5      | Found a staircase to the Ecumenical Temple.
  4785 | Temple   | Entered the Ecumenical Temple
  4828 | Temple   | Became a worshipper of Uskayaw the Reveler
  4891 | D:5      | Reached * piety under Uskayaw
  5191 | D:5      | Found Cula Cobu's Magic Scroll Emporium.
  5328 | D:5      | Found a sacrificial altar of Ru.
  5365 | D:6      | Noticed Dowan
  5368 | D:6      | Noticed Duvessa
  5373 | D:6      | Reached ** piety under Uskayaw
  5375 | D:6      | Killed Dowan
  5377 | D:6      | Reached *** piety under Uskayaw
  5399 | D:6      | Reached **** piety under Uskayaw
  5400 | D:6      | Killed Duvessa
  5599 | D:6      | Noticed Blork the orc
  5602 | D:6      | Killed Blork the orc
  5626 | D:6      | Reached skill level 1 in Invocations
  6157 | D:7      | Found Agigyir's General Store.
  6165 | D:7      | Found Ceve's Quality Used Wands.
  6166 | D:7      | Noticed Menkaure
  6181 | D:7      | Killed Menkaure
  6221 | D:7      | Found a radiant altar of Vehumet.
  6311 | D:7      | Reached XP level 10. HP: 45/53 MP: 8/12
  6386 | D:7      | You are sucked into a shaft!
  7002 | D:8      | Reached skill level 14 in Dodging
  7082 | D:9      | Reached ***** piety under Uskayaw
  7094 | D:9      | Gained mutation: Scrolls take you a little longer to read. [mutagenic meat]
  7097 | D:9      | Gained mutation: You are dopey. (Int -2) [mutagenic meat]
  7100 | D:9      | Gained mutation: You are resistant to hostile enchantments. (MR+) [mutagenic meat]
  7103 | D:9      | Gained mutation: You are frail. (-10% HP) [mutagenic meat]
  7172 | D:9      | Found Voifyubb's Book Boutique.
  7253 | D:9      | Found Ovigonill's Gadget Shop.
  7419 | D:9      | Gained mutation: You are very dopey. (Int -4) [mutagenic meat]
  7422 | D:9      | Gained mutation: Your muscles are strong. (Str +2) [mutagenic meat]
  7425 | D:9      | Gained mutation: Your body sometimes deteriorates upon taking damage. [mutagenic meat]
  7428 | D:9      | Lost mutation: Scrolls take you a little longer to read. [mutagenic meat]
  7431 | D:9      | Lost mutation: Your muscles are strong. (Str +2) [mutagenic meat]
  7434 | D:9      | Gained mutation: Your magical capacity is low. (-10% MP) [mutagenic meat]
  7662 | D:9      | Found a radiant altar of Vehumet.
  7810 | D:10     | Entered Level 10 of the Dungeon
  7810 | D:10     | Noticed a hill giant
  7820 | D:10     | Killed a hill giant
  8130 | D:10     | Found a staircase to the Orcish Mines.
  8142 | D:10     | Slain by an orc warrior

Vault maps used:
D:1:      lemuel_arrival_behind_the_door_small
D:3:      nemelex_xobeh_ov_fountains_minmay, gammafunk_temple_overflow_statue
D:4:      marbit_many_paths, first_bread
D:5:      lemuel_upstairs_altar, basic_altar, serial_shops,
          kennysheep_mini_moat, uniq_pikel
D:6:      uniq_blork_the_orc, uniq_duvessa
D:7:      serial_shops, nicolae_shop_window_shopping, basic_altar,
          nicolae_for_you_no_charge, uniq_menkaure
D:9:      fiery_altar_vehumet, serial_shops,
          nicolae_shop_temple_entry_statues_fountains, nicolae_shop_trees
D:10:     david_orc_2, the_bakery, minmay_misc_feat_four_crosses,
          evilmike_minifort
Temple:   kb_temple_of_zot

Skill      XL: |  1  2  3  4  5  6  7  8  9 10 |
---------------+-------------------------------+-----
Dodging        | 2 3 13 14 | 14.2
Short Blades   | 3 4 5 6 7 |  7.4
Stealth        | 5 6 7 8 |  8.8
Invocations    | 2 3 |  3.9
Fighting       | |  2.0
Throwing       | |  2.0

Action                   |  1- 3 |  4- 6 |  7- 9 | 10-12 || total
-------------------------+-------+-------+-------+-------++-------
Melee: Dagger            |    48 |   114 |    86 |       ||   248
       Kick              |     8 |    36 |    92 |    37 ||   173
       Peck              |     5 |    26 |    38 |    25 ||    94
       Short sword       |       |       |   179 |   169 ||   348
 Fire: Blowgun           |     4 |       |       |       ||     4
Invok: Line Pass         |       |       |     2 |     1 ||     3
 Abil: Fly               |       |     1 |     4 |     1 ||     6
  Use: Potion            |       |     7 |       |       ||     7
       Scroll            |       |       |     1 |     4 ||     5
 Stab: Sleeping          |     6 |     9 |     9 |    13 ||    37
       Distracted        |       |     1 |     1 |       ||     2
       Paralysed         |       |       |     2 |     6 ||     8
       Confused          |       |       |     1 |       ||     1
  Eat: Chunk             |       |     5 |     4 |    19 ||    28
       Meat ration       |       |     1 |       |       ||     1
       Bread ration      |       |       |     1 |       ||     1
Armor: Robe              |     8 |    14 |    10 |    11 ||    43
Dodge: Dodged            |    25 |    51 |   196 |   107 ||   379
